 Dungeon Crawl Stone Soup version 0.26-a0-597-gb535b0901c (webtiles) character file.

Game seed: 13360258133214442447

296 Lanoc the Chiller (level 6, 0/45 HPs)
             Began as a Draconian Ice Elementalist on Sept 5, 2020.
             Slain by Prince Ribbit (7 damage)
             ... on level 6 of the Dungeon.
             The game lasted 00:03:16 (2231 turns).

Lanoc the Chiller (Draconian Ice Elementalist)      Turns: 2231, Time: 00:03:16

Health: 0/45       AC:  3    Str: 11    XL:     6   Next: 12%
Magic:  7/9        EV: 13    Int: 17    God:
Gold:   121        SH:  0    Dex: 11    Spells: 5/9 levels left

rFire    . . .     SeeInvis .   i - +2 quarterstaff (chaos)
rCold    . . .     Faith    .   (shield currently unavailable)
rNeg     . . .     Spirit   .   (armour unavailable)
rPois    .         Reflect  .   (helmet restricted)
rElec    .         Harm     .   j - +0 cloak
rCorr    .                      (no gloves)
MR       .....                  (no boots)
Stlth    +++.......             (no amulet)
HPRegen  0.15/turn              b - ring of stealth
MPRegen  0.11/turn              (no ring)

@: corroded
A: unfitting armour, cold-blooded, AC +6
a: no special abilities


You were on level 6 of the Dungeon.
You visited 1 branch of the dungeon, and saw 5 of its levels.

You collected 121 gold pieces.

Inventory:

Hand Weapons
 i - a +2 quarterstaff of chaos (weapon)
Armour
 j - a +0 cloak (worn)
Jewellery
 b - a ring of stealth (left hand)
Scrolls
 a - 2 scrolls of identify {unknown}
 c - a scroll of fear {unknown}
 d - a scroll of remove curse {unknown}
 e - a scroll of blinking {unknown}
 g - a scroll of fog {unknown}
 k - a scroll of immolation {unknown}
 m - a scroll of magic mapping {unknown}
Potions
 f - 2 potions of degeneration {unknown}
 h - a potion of ambrosia {unknown}
 l - a potion of curing {unknown}
 n - a potion of heal wounds {unknown}


   Skills:
 + Level 3.6 Dodging
 - Level 1.7 Stealth
 - Level 2.0 Spellcasting
 * Level 6.5 Ice Magic


You had 5 spell levels left.
You knew the following spells:

 Your Spells              Type           Power        Failure   Level
a - Freeze                Ice            ###.         1%          1
b - Frozen Ramparts       Ice            ###...       4%          3

Your spell library contained the following spells:

 Spells                   Type           Power        Failure   Level
 Ozocubu's Armour         Ice            ###.....     4%          3
 Hailstorm                Conj/Ice       ##......     45%         4
 Summon Ice Beast         Ice/Summ       ##......     45%         4


Dungeon Overview and Level Annotations

Branches:
Dungeon (4/15)
 Temple: D:4-7

Altars:
Elyvilon
Xom

Annotations:
D:6 Prince Ribbit


Innate Abilities, Weirdness & Mutations

Your plain brown scales are hard. (AC +6)
You cannot fit into any form of body armour.
You are cold-blooded and may be slowed by cold attacks.


Message History

You kill the jelly!
The helpless Prince Ribbit fails to defend himself.
You hit Prince Ribbit. You burn Prince Ribbit.
Prince Ribbit is lightly wounded.
The frozen ramparts melt away.
Prince Ribbit barely misses you.
Prince Ribbit blinks!
You barely miss Prince Ribbit.
Your tail-slap misses Prince Ribbit.
Prince Ribbit is lightly wounded.
Prince Ribbit blinks!
Prince Ribbit blinks!
You closely miss Prince Ribbit.
Prince Ribbit is lightly wounded.
Prince Ribbit hits you!
An adder comes into view.
Prince Ribbit hits you!!
* * * LOW HITPOINT WARNING * * *
You are too injured to fight recklessly!
You are too injured to fight recklessly!
Prince Ribbit hits you!
You die...

####### #..$..# #
#.....# # #.@...# #
#.F...# ####
#(....##########...
.###.................#
..........#######...###
..##......# ###.### #
##S....# ##....#
#.###.####.....# #.
#.#...>....#


You could see Prince Ribbit and an adder (wandering).

Vanquished Creatures
  2 scorpions (D:4)
  A jelly (D:6)
  Crazy Yiuf (D:3)
  An orc wizard (D:4)
  A worker ant (D:4)
  A worker ant zombie (D:4)
  An adder (D:3)
  An ooze (D:4)
  An adder skeleton (D:3)
  A worm (D:4)
  A dart slug (D:1)
  3 leopard geckos
  10 orcs
  A ball python (D:1)
  4 bats (D:3)
  A giant cockroach (D:1)
  5 goblins
  6 hobgoblins
  A quokka (D:3)
  A frilled lizard (D:3)
  3 kobolds (D:3)
  2 rats
49 creatures vanquished.

Notes
Turn   | Place    | Note
-------+----------+-------------------------------------------
     0 | D:1      | Lanoc the Draconian Ice Elementalist began the quest for
                  | the Orb.
     0 | D:1      | Reached XP level 1. HP: 14/14 MP: 3/3
    79 | D:1      | Reached XP level 2. HP: 4/20 MP: 0/5
   905 | D:3      | Reached XP level 3. HP: 20/26 MP: 1/6
   910 | D:3      | Learned a level 3 spell: Frozen Ramparts
  1020 | D:3      | Found a shimmering altar of Xom.
  1300 | D:3      | Found a white marble altar of Elyvilon.
  1347 | D:3      | Found a runed translucent door.
  1348 | D:3      | Noticed Crazy Yiuf
  1356 | D:3      | Killed Crazy Yiuf
  1356 | D:3      | Reached skill level 5 in Ice Magic
  1356 | D:3      | Reached XP level 4. HP: 33/33 MP: 2/7
  1765 | D:4      | Reached XP level 5. HP: 38/38 MP: 8/8
  1988 | D:4      | Reached skill level 6 in Ice Magic
  2166 | D:4      | You fall into a shaft and drop 2 floors!
  2190 | D:6      | Reached XP level 6. HP: 45/45 MP: 9/9
  2214 | D:6      | Noticed Prince Ribbit
  2231 | D:6      | Slain by Prince Ribbit

Illustrated notes

Levels and vault maps discovered:
D:1:      kennysheep_arrival_seaside, layout_basic
D:2:      layout_loops_corners, fedhas_altar_3,
          nemelex_xobeh_ov_fountains_minmay
D:3:      layout_basic, overflow_temple_1_default, lemuel_round_altar,
          hangedman_decor_clover_reticule, minivault_23, uniq_crazy_yiuf_cottage
D:4:      layout_layer_cave
D:6:      layout_rooms, old_standard_altar, minivault_25, uniq_pikel,
          uniq_prince_ribbit1, uniq_menkaure

Skill      XL: |  1  2  3  4  5 |
---------------+----------------+-----
Dodging        | 2 3 |  3.6
Ice Magic      | 5 6 |  6.5
Stealth        | |  1.7
Spellcasting   | |  2.0

Action                   |  1- 3 |  4- 6 || total
-------------------------+-------+-------++-------
Melee: Unarmed           |    47 |       ||    47
       Tailslap          |     5 |     1 ||     6
       Quarterstaff      |       |    36 ||    36
 Cast: Freeze            |    30 |       ||    30
       Frozen Ramparts   |     3 |     7 ||    10
 Stab: Sleeping          |       |     5 ||     5
Armor: Skin              |    16 |    10 ||    26
Dodge: Dodged            |    45 |    20 ||    65

Table legend: (Time is in decaauts)
 A = Elapsed time spent in this place.
 B = Non-inter-level travel time spent in this place.
 C = Inter-level travel time spent in this place.
 D = Time resting spent in this place.
 E = Time spent auto-exploring this place.
 F = Levels seen in this place.
 G = Mean time per level.
                   A        B        C        D        E       F      G
               +--------+--------+--------+--------+--------+-----+--------+
         Total |   2241 |   2220 |     21 |      0 |   1851 |   5 |  448.2 |
       Dungeon |   2241 |   2220 |     21 |      0 |   1851 |   5 |  448.2 |
               +--------+--------+--------+--------+--------+-----+--------+

Top non-repeatable levels by time:
     D:3: 1320 daAuts
     D:4: 480 daAuts
     D:1: 367 daAuts
     D:6: 66 daAuts
     D:2: 6 daAuts
